 Dungeon Crawl Stone Soup version 0.20.0-8-g6b59dc7 (webtiles) character file.

241698 Canard the Severer (level 19, 0/196 HPs)
             Began as a Naga Berserker on May 30, 2017.
             Was the Champion of Trog.
             Killed from afar by a deep elf annihilator (41 damage)
             ... with a bolt of lightning
             ... on level 3 of the Elven Halls.
             The game lasted 01:45:32 (32649 turns).

Canard the Severer (Naga Berserker)                Turns: 32649, Time: 01:45:33

Health: 0/196      AC: 38    Str: 37    XL:     19   Next: 82%
Magic:  0/25       EV:  8    Int: 10    God:    Trog [******]
Gold:   3506       SH: 14    Dex: 12    Spells: 18/18 levels left

rFire    + + .     SeeInvis +   T - +9 broad axe of Embarrassment {venom, *Contam rF+ MR+ Str+4}
rCold    . . .     Gourm    +   L - +2 shield of Dishonour {Str+4}
rNeg     + . .     Faith    .   Z - +2 plate armour {rF+}
rPois    +         Spirit   +   o - +1 hat
rElec    .         Reflect  .   d - scarf {Spirit}
rCorr    .         Harm     .   b - +3 pair of gloves "Naduxiow" {SInv}
MR       +++++     Clarity  +   x - +0 naga barding
Stlth    ..........             Y - amulet of the gourmand
Regen    1.5/turn               m - ring of Ruhoclox {rN+ EV+4}
MPRegen  0.2/turn               F - +6 ring of protection

@: mighty, berserk cooldown, regenerating, hasted and slowed, very slow
A: claws 1, see invisible, clarity, deformed body, poison resistance, screaming
1, slowness 2, slow metabolism 1, spit poison 1, constrict 1, sturdy frame 1, AC
+6
}: 1/15 runes: gossamer
a: Spit Poison, Berserk, Trog's Hand, Brothers in Arms, Burn Spellbooks,
Renounce Religion


You were on level 3 of the Elven Halls.
You worshipped Trog.
Trog was exalted by your worship.
You were very full.

You visited 6 branches of the dungeon, and saw 31 of its levels.

You collected 3591 gold pieces.
You spent 85 gold pieces at shops.

Inventory:

Hand Weapons
 T - the +9 broad axe of Embarrassment (weapon) {venom, *Contam rF+ MR+ Str+4}
   (Trog gifted it to you on level 6 of the Lair of Beasts)

   It poisons the flesh of those it strikes.
   It affects your strength (+4).
   It protects you from fire.
   It affects your resistance to hostile enchantments.
   It causes magical contamination when unequipped.
Missiles
 j - 7 javelins of penetration (quivered)
 p - 5 javelins
 A - 46 bolts
 K - a throwing net
Armour
 b - the +3 pair of gloves "Naduxiow" (worn) {SInv}
   (You acquired it on level 2 of the Elven Halls)

   It lets you see invisible.
 d - a scarf of spirit shield (worn)
   (You found it on level 12 of the Dungeon)
 k - a scarf of resistance
   (You found it on level 13 of the Dungeon)
 o - a +1 hat (worn)
   (You found it on level 15 of the Dungeon)
 x - a +0 naga barding (worn)
   (You found it on level 5 of the Lair of Beasts)
 C - a scarf of cloud immunity
   (You found it on level 14 of the Dungeon)
 L - the +2 shield of Dishonour (worn) {Str+4}
   (You acquired it on level 15 of the Dungeon)

   It affects your strength (+4).
 Z - a +2 plate armour of fire resistance (worn)
   (You took it off an orc warrior on level 10 of the Dungeon)
Jewellery
 m - the ring of Ruhoclox (left hand) {rN+ EV+4}
   (You found it on level 4 of the Lair of Beasts)

   [ring of evasion]

   It affects your evasion (+4).
   It protects you from negative energy.
 w - an uncursed ring of protection from cold
   (You found it on level 11 of the Dungeon)
 B - an uncursed ring of protection from magic
   (You found it on level 2 of the Dungeon)
 F - a +6 ring of protection (right hand)
   (You found it on level 4 of the Dungeon)
 Y - an amulet of the gourmand (around neck)
   (You found it on level 13 of the Dungeon)
Wands
 i - a wand of iceblast (11/15)
   (You found it on level 8 of the Dungeon)
 N - a wand of digging (10/24)
   (You took it off a wight on level 9 of the Dungeon)
 R - a wand of enslavement (5/24)
   (You found it on level 6 of the Dungeon)
 S - a wand of disintegration (15/24)
   (You found it on level 7 of the Dungeon)
 W - a wand of acid (10/15)
   (You found it on level 7 of the Dungeon)
Scrolls
 f - 10 scrolls of teleportation
 g - a scroll of recharging
 h - 11 scrolls of remove curse
 t - 5 scrolls of fog
 v - 4 scrolls of magic mapping
 y - 5 scrolls of fear
 D - a scroll of summoning
 E - 12 scrolls of identify
 O - 5 scrolls of immolation
Potions
 e - 9 potions of flight
 q - 3 potions of cancellation
 r - 3 potions of haste
 s - 3 potions of might
 u - 2 potions of invisibility
 H - 5 potions of lignification
 I - 4 potions of agility
 J - 3 potions of ambrosia
 P - 3 potions of heal wounds
 U - 4 potions of resistance
 V - 14 potions of curing
Miscellaneous
 n - a sack of spiders
 G - a fan of gales
   (You found it on level 3 of the Elven Halls)
 Q - a phial of floods
   (You found it on level 5 of the Lair of Beasts)
 X - a fan of gales
   (You found it on level 6 of the Lair of Beasts)
Comestibles
 c - 14 bread rations
 l - 3 chunks of flesh
 z - 29 royal jellies
 M - a meat ration


   Skills:
 - Level 18.5 Fighting
 + Level 20.4 Axes
 - Level 3.6 Throwing
 - Level 14.4 Armour
 - Level 1.5 Dodging
 - Level 5.3 Shields
 - Level 8.1 Evocations


You had 18 spell levels left.
You didn't know any spells.

Dungeon Overview and Level Annotations

Branches:
Dungeon (15/15)            Temple (1/1) D:6            Lair (6/6) D:11
 Shoals (0/4) Lair:2       Spider (4/4) Lair:3        Slime (0/5) Lair:5
    Orc (2/2) D:10            Elf (3/3) Orc:2        Vaults (0/5) D:13
 Depths (0/5) D:15

Altars:
Ashenzari
Cheibriados
Dithmenos
Elyvilon
Fedhas
Gozag
Hepliaklqana
Kikubaaqudgha
Makhleb
Nemelex Xobeh
Okawaru
Qazlal
Ru
Sif Muna
Trog
Uskayaw
Vehumet
Xom
Yredelemnul
Zin
The Shining One
Beogh

Shops:
Orc:2 ([*=

Annotations:
D:5 Blork the orc


Innate Abilities, Weirdness & Mutations

You cannot wear boots.
Your serpentine skin is tough. (AC +6)
You have supernaturally acute eyesight. (SInv)
Armour fits poorly on your strangely shaped body.
Your system is resistant to poisons. (rPois)
You cover ground very slowly.
You have a slow metabolism.
You can spit poison.
You can use your snake-like lower body to constrict enemies.
You have sharp fingernails.
You possess an exceptional clarity of mind.
You occasionally shout uncontrollably at your foes.
Your movements are slightly less encumbered by armour. (ER -2)


Message History

The deep elf annihilator blinks!
The earth elemental barely misses you.
The earth elemental hits you but does no damage. x2
Unknown command.
You feel yourself speed up.
The deep elf annihilator seems less brilliant.
The earth elemental hits you but does no damage.
You block the earth elemental's attack.
Unknown command.
Unknown command.
You feel very mighty all of a sudden.
The earth elemental disappears in a puff of smoke!
The deep elf annihilator is empowered by something's aura!
You block the earth elemental's attack.
The deep elf elementalist points at you and mumbles some strange words.
Some walls begin to move on their own!
The deep elf annihilator points at you and mumbles some strange words.
The bolt of lightning hits the earth elemental.
The earth elemental completely resists.
The bolt of lightning hits you!
* * * LOW MAGIC WARNING * * *
You die... e2 ee

e## 21# 4e#
#### 24#
###.@##)###
###..EEEeEe.#
#...E.EE))..#
##......E....#
.'.......#..##
##....[[.####
#....[.[# (#
###(.[#)###
####
#####)).##


You could see a deep elf annihilator, a deep elf elementalist and 8 earth
elementals.

Vanquished Creatures
  Nikola (Elf:2)
  Arachne (Spider:4)
  Jorgrun (Spider:2)
  Asterion (Elf:3)
  2 deep elf blademasters (Elf:3)
  A deep elf master archer (Elf:3)
  Kirke (D:14)
  2 deep elf sorcerers
  An orc warlord (Orc:2)
  9 emperor scorpions
  2 ghost moths (Spider:4)
  3 deep elf elementalists (Elf:3)
  5 entropy weavers
  Nessos (Lair:4)
  A deep elf demonologist (Elf:3)
  4 deep elf annihilators (Elf:3)
  2 dire elephants
  2 deep elf death magi
  Josephine (Lair:4)
  Snorg (Lair:6)
  A deep elf high priest (Elf:3)
  Harold (Lair:4)
  A vault guard (D:13)
  Erolcha (D:13)
  13 hydras
  3 centaur warriors
  A catoblepas (Lair:6)
  A death knight (D:14)
  A tengu warrior (D:15)
  15 two-headed ogres
  3 death yaks (Lair:6)
  A queen ant (Spider:4)
  An ogre mage (D:15)
  26 dancing weapons
  3 orc high priests (Orc:2)
  Urug (D:14)
  Sonja (D:12)
  11 deep elf knights
  A wizard (D:15)
  2 lindwurms (Lair:6)
  A phantasmal warrior (D:14)
  4 deep elf archers
  18 orb spiders
  47 wolf spiders
  6 orc knights
  49 deep elf magi
  6 ugly things
  A salamander (D:15)
  2 cyclopes
  3 manticores
  5 orc sorcerers
  4 moths of wrath
  Psyche (D:9)
  8 elephants
  7 black mambas
  2 gargoyles
  4 torpor snails
  13 spiny frogs
  An efreet (D:13)
  2 freezing wraiths (D:14)
  4 rime drakes (Lair:6)
  7 komodo dragons
  3 kobold demonologists (D:14)
  A redback zombie (D:15)
  14 demonic crawlers
  4 red devils (D:13)
  47 jumping spiders
  9 trolls
  A tengu conjurer (D:15)
  6 hornets
  A queen bee (shapeshifter) (Elf:1)
  9 polar bears (Lair:6)
  4 raiju (Lair:6)
  21 blink frogs
  18 slime creatures
  A blink frog (shapeshifter) (Elf:1)
  9 hippogriffs
  12 dream sheep
  A meliai zombie (D:15)
  A shadow (D:12)
  A water elemental (Elf:1)
  44 tarantellas
  7 wraiths
  78 redbacks
  3 air elementals
  3 hogs (D:14)
  51 yaks
  7 basilisks
  2 wyverns (Lair:4)
  3 fire elementals
  2 hungry ghosts
  Eustachio (D:4)
  6 vampire mosquitoes (D:15)
  Edmund (D:4)
  7 wargs
  An acid dragon (D:14)
  20 soldier ants
  13 hell hounds (Lair:6)
  7 porcupines
  12 water moccasins
  A hornet zombie (D:15)
  45 orc warriors
  5 sky beasts
  A necrophage (D:5)
  16 black bears
  An ice beast (D:8)
  16 wolves
  15 ogres
  6 phantoms
  12 centaurs
  7 crocodiles
  10 big kobolds
  15 bullfrogs
  2 earth elementals
  3 wyvern skeletons
  2 scorpions
  3 killer bees (D:13)
  3 howler monkeys (D:8)
  28 wights
  3 electric eels
  3 centaur zombies
  7 crimson imps
  A bullfrog zombie (D:11)
  6 hounds
  A gnoll shaman (D:9)
  35 orc priests
  4 jellies
  39 orc wizards
  2 bullfrog skeletons
  4 centaur skeletons
  Natasha (D:3)
  7 iguanas
  30 worker ants
  4 hound zombies
  A hound skeleton (D:7)
  17 gnolls
  11 adders
  10 shadow imps
  An ooze (D:7)
  3 adder skeletons
  3 worms
  4 dart slugs
  5 leopard geckos
  127 orcs
  A ball python (D:3)
  6 bats
  5 giant cockroaches
  12 goblins
  10 hobgoblins
  5 jackals
  38 kobolds
  4 quokkas
  8 frilled lizards
  2 leopard gecko skeletons
  2 leopard gecko zombies
  9 rats
  5 fungi
  A plant (Lair:6)
1384 creatures vanquished.

Vanquished Creatures (collateral kills)
  A deep elf sorcerer (Elf:3)
  A deep elf death mage (Elf:3)
2 creatures vanquished.

Vanquished Creatures (others)
  A deep elf mage (Elf:2)
  A wolf spider (Spider:1)
  12 fungi
  14 plants
28 creatures vanquished.

Grand Total: 1414 creatures vanquished

Notes
Turn   | Place    | Note
-------+----------+-------------------------------------------
     0 | D:1      | Canard the Naga Berserker began the quest for the Orb.
     0 | D:1      | Reached XP level 1. HP: 21/21 MP: 1/1
   129 | D:1      | Reached XP level 2. HP: 24/28 MP: 2/2
   366 | D:1      | Reached skill level 4 in Axes
   482 | D:1      | Reached XP level 3. HP: 31/34 MP: 3/3
  1025 | D:2      | Found a stormy altar of Qazlal.
  1025 | D:2      | Found a basalt altar of Yredelemnul.
  1190 | D:2      | You fall through a shaft!
  1256 | D:3      | Reached ** piety under Trog
  1272 | D:3      | Reached skill level 5 in Axes
  1272 | D:3      | Reached XP level 4. HP: 32/42 MP: 4/4
  1495 | D:3      | Found a white marble altar of Elyvilon.
  1757 | D:3      | Reached XP level 5. HP: 49/49 MP: 5/5
  2033 | D:2      | Reached skill level 6 in Axes
  2814 | D:3      | Noticed Natasha
  2817 | D:3      | Killed Natasha
  2888 | D:4      | Reached XP level 6. HP: 56/56 MP: 6/6
  2973 | D:4      | Noticed Edmund
  2980 | D:4      | Killed Edmund
  2980 | D:4      | Reached skill level 7 in Axes
  3017 | D:4      | Noticed Eustachio
  3088 | D:4      | Killed Eustachio
  3088 | D:4      | Reached skill level 8 in Axes
  3088 | D:4      | Reached XP level 7. HP: 42/62 MP: 7/7
  3321 | D:4      | Reached *** piety under Trog
  3659 | D:5      | Entered Level 5 of the Dungeon
  3700 | D:5      | Noticed Blork the orc
  3922 | D:5      | Reached skill level 9 in Axes
  3947 | D:5      | Found a hazy altar of Hepliaklqana.
  3965 | D:5      | Reached XP level 8. HP: 60/69 MP: 8/8
  4272 | D:5      | Reached skill level 10 in Axes
  4382 | D:5      | Found a deep blue altar of Sif Muna.
  4836 | D:6      | Reached **** piety under Trog
  4865 | D:6      | Found a staircase to the Ecumenical Temple.
  4878 | Temple   | Entered the Ecumenical Temple
  4983 | D:6      | Noticed a two-headed ogre
  4983 | D:6      | Noticed a brown ugly thing
  5125 | D:6      | Reached XP level 9. HP: 73/80 MP: 9/9
  5134 | D:6      | Reached skill level 5 in Fighting
  5204 | D:6      | Gained mutation: You occasionally shout uncontrollably at your foes. [mutagenic meat]
  5205 | D:6      | Gained mutation: You have sharp fingernails. [mutagenic meat]
  5262 | D:6      | Reached skill level 11 in Axes
  5278 | D:6      | Found a sparkling altar of Nemelex Xobeh.
  5411 | D:7      | Found a glowing silver altar of Zin.
  5433 | D:7      | Noticed an angel
  5437 | D:7      | Found a shimmering altar of Xom.
  5459 | D:7      | Identified the Tome of the Ashen Voyage
  5486 | D:7      | Noticed a two-headed ogre
  5497 | D:7      | Killed a two-headed ogre
  6265 | D:8      | Paralysed by fainting for 6 turns
  6276 | D:8      | Paralysed by fainting for 8 turns
  6374 | D:8      | Reached XP level 10. HP: 78/94 MP: 8/10
  6621 | D:8      | Reached skill level 12 in Axes
  6623 | D:8      | Reached ***** piety under Trog
  6785 | D:8      | Found a basalt altar of Yredelemnul.
  6873 | D:8      | Found a shadowy altar of Dithmenos.
  6930 | D:8      | Noticed a two-headed ogre
  6937 | D:8      | Killed a two-headed ogre
  6984 | D:9      | Noticed Psyche
  7289 | D:9      | Received a gift from Trog
  7365 | D:9      | Noticed a two-headed ogre
  7379 | D:9      | Killed a two-headed ogre
  7580 | D:9      | Reached skill level 5 in Armour
  7706 | D:9      | Found a hazy altar of Hepliaklqana.
  7862 | D:9      | Killed Psyche
  7862 | D:9      | Reached XP level 11. HP: 102/104 MP: 3/11
  7908 | D:9      | Noticed a cyan ugly thing
  7926 | D:9      | Killed a cyan ugly thing
  8288 | D:10     | Entered Level 10 of the Dungeon
  8604 | D:10     | Gained mutation: You are clumsy. (Dex -2) [mutagenic meat]
  8605 | D:10     | Gained mutation: You are dopey. (Int -2) [mutagenic meat]
  8606 | D:10     | Gained mutation: You tend to lose your temper in combat. [mutagenic meat]
  8607 | D:10     | Gained mutation: You are very dopey. (Int -4) [mutagenic meat]
  8608 | D:10     | Gained mutation: You are very clumsy. (Dex -4) [mutagenic meat]
  8802 | D:10     | Noticed a two-headed ogre
  8810 | D:10     | Killed a two-headed ogre
  8810 | D:10     | Reached skill level 13 in Axes
  9279 | D:10     | Found a staircase to the Orcish Mines.
  9447 | D:10     | Noticed a three-headed hydra
  9473 | D:10     | Killed a three-headed hydra
  9473 | D:10     | Received a gift from Trog
  9510 | D:10     | Reached skill level 10 in Fighting
  9898 | D:11     | Noticed a two-headed ogre
  9911 | D:10     | Killed a two-headed ogre
 10059 | D:11     | Noticed a cyan ugly thing
 10084 | D:11     | Killed a cyan ugly thing
 10087 | D:11     | Lost mutation: You are very clumsy. (Dex -4) [mutagenic meat]
 10089 | D:11     | Lost mutation: You are clumsy. (Dex -2) [mutagenic meat]
 10090 | D:11     | Gained mutation: You have a pair of small horns on your head. [mutagenic meat]
 10295 | D:11     | Reached XP level 12. HP: 117/117 MP: 12/12
 10343 | D:11     | Noticed a two-headed ogre
 10365 | D:11     | Killed a two-headed ogre
 10425 | D:11     | Noticed a five-headed hydra
 10438 | D:11     | Killed a five-headed hydra
 10546 | D:11     | Lost intelligence.
 10592 | D:11     | Noticed a two-headed ogre
 10610 | D:11     | Killed a two-headed ogre
 10932 | D:11     | Found a staircase to the Lair.
 10969 | Lair:1   | Entered Level 1 of the Lair of Beasts
 10995 | D:11     | Reached skill level 14 in Axes
 12300 | Lair:2   | Gained mutation: You can use your snake-like lower body to constrict enemies. [Naga growth]
 12300 | Lair:2   | Reached XP level 13. HP: 90/128 MP: 9/13
 12352 | Lair:2   | You fall through a shaft for 2 floors!
 12357 | Lair:4   | Got a pitted steel ring
 12359 | Lair:4   | Identified the ring of Ruhoclox {rN+ EV+4} (You found it on level 4 of the Lair of Beasts)
 12426 | Lair:4   | Noticed Harold
 12427 | Lair:4   | Noticed Josephine
 12639 | Lair:2   | Reached skill level 10 in Armour
 12793 | Lair:2   | Found a staircase to the Shoals.
 13752 | Lair:3   | Reached skill level 1 in Evocations
 13990 | Lair:3   | Found a hole to the Spider Nest.
 14449 | Lair:4   | Killed Harold
 14449 | Lair:4   | Reached skill level 5 in Evocations
 14917 | Lair:4   | Noticed Nessos
 14959 | Lair:4   | Killed Nessos
 15373 | Lair:4   | Reached ****** piety under Trog
 15374 | Lair:4   | Reached XP level 14. HP: 121/139 MP: 6/20
 15378 | Lair:4   | Killed Josephine
 16294 | Lair:5   | Found a staircase to the Slime Pits.
 16652 | Lair:6   | Entered Level 6 of the Lair of Beasts
 16664 | Lair:6   | Reached skill level 15 in Axes
 17197 | Lair:6   | Received a gift from Trog
 17229 | Lair:6   | Got an encrusted broad axe {god gift}
 17230 | Lair:6   | Identified the +9 broad axe of Embarrassment {venom, *Contam rF+ MR+ Str+4} (Trog gifted it to you on level 6 of the Lair of Beasts)
 17691 | Lair:6   | Reached skill level 16 in Axes
 17735 | Lair:6   | Noticed Snorg
 17745 | Lair:6   | Killed Snorg
 17897 | Lair:6   | Received a gift from Trog
 17991 | Lair:6   | Noticed a dire elephant
 18003 | Lair:6   | Killed a dire elephant
 18003 | Lair:6   | Reached XP level 15. HP: 118/148 MP: 17/21
 18860 | D:12     | Noticed Sonja
 18867 | D:12     | Killed Sonja
 18937 | D:12     | Lost mutation: You tend to lose your temper in combat. [potion of mutation]
 18937 | D:12     | Lost mutation: You are very dopey. (Int -4) [potion of mutation]
 18937 | D:12     | Lost mutation: You have a pair of small horns on your head. [potion of mutation]
 18937 | D:12     | Lost mutation: You are dopey. (Int -2) [potion of mutation]
 18937 | D:12     | Gained mutation: Your movements are slightly less encumbered by armour. (ER -2) [potion of mutation]
 18937 | D:12     | Gained mutation: You possess an exceptional clarity of mind. [potion of mutation]
 19310 | D:13     | Found a gate to the Vaults.
 19391 | D:13     | Noticed Erolcha
 19397 | D:13     | Received a gift from Trog
 19401 | D:13     | Killed Erolcha
 20081 | D:14     | Noticed Kirke
 20092 | D:14     | Received a gift from Trog
 20093 | D:14     | Killed Kirke
 20096 | D:14     | Noticed Urug
 20106 | D:14     | Killed Urug
 20659 | D:14     | Found a burning altar of Makhleb.
 20742 | D:14     | Reached skill level 15 in Fighting
 21139 | D:15     | Entered Level 15 of the Dungeon
 21183 | D:15     | Reached XP level 16. HP: 156/163 MP: 20/22
 21211 | D:15     | Found a staircase to the Depths.
 21390 | D:15     | Identified a scroll of acquirement
 21391 | D:15     | Got a transparent shield
 21397 | D:15     | Identified the +2 shield of Dishonour {Str+4} (You acquired it on level 15 of the Dungeon)
 21763 | D:15     | Received a gift from Trog
 22036 | Spider:1 | Entered Level 1 of the Spider Nest
 22307 | Spider:1 | Reached skill level 1 in Throwing
 22643 | Spider:1 | Received a gift from Trog
 23630 | Spider:2 | Reached skill level 1 in Shields
 23714 | Spider:2 | Noticed Jorgrun
 23723 | Spider:2 | Killed Jorgrun
 23800 | Spider:2 | Reached XP level 17. HP: 156/174 MP: 20/23
 23850 | Spider:2 | Paralysed by a hornet for 2 turns
 23952 | Spider:2 | Received a gift from Trog
 25747 | Spider:4 | Entered Level 4 of the Spider Nest
 25808 | Spider:4 | Received a gift from Trog
 25874 | Spider:4 | Reached skill level 5 in Shields
 25927 | Spider:4 | Noticed Arachne
 25940 | Spider:4 | Killed Arachne
 26677 | Spider:4 | Reached XP level 18. HP: 186/186 MP: 24/24
 26682 | Spider:4 | Received a gift from Trog
 27140 | Spider:4 | Got a gossamer rune of Zot
 27647 | Orc:1    | Entered Level 1 of the Orcish Mines
 27649 | Orc:1    | Received a gift from Trog
 27845 | Orc:1    | Reached skill level 17 in Axes
 28018 | Orc:1    | Found a roughly hewn altar of Beogh.
 28354 | Orc:2    | Entered Level 2 of the Orcish Mines
 28403 | Orc:2    | Received a gift from Trog
 28432 | Orc:2    | Found a staircase to the Elven Halls.
 28880 | Orc:2    | Received a gift from Trog
 28968 | Orc:2    | Found Hicwular's Antique Armour Shop.
 28969 | Orc:2    | Found Ikhiluveu's Antique Weapon Shop.
 28970 | Orc:2    | Found Kipinet's General Store.
 28970 | Orc:2    | Found Soumpoad's Jewellery Boutique.
 28974 | Orc:2    | Bought a potion of heal wounds for 85 gold pieces
 29173 | Elf:1    | Entered Level 1 of the Elven Halls
 29203 | Elf:1    | Received a gift from Trog
 29844 | Elf:1    | Reached skill level 18 in Axes
 29868 | Elf:1    | Identified the Handbook of Supportive Conjuration
 29872 | Elf:1    | Received a gift from Trog
 30377 | Elf:2    | Reached XP level 19. HP: 161/196 MP: 21/25
 30498 | Elf:2    | Got a pair of shimmering gloves
 30504 | Elf:2    | Identified the +3 pair of gloves "Naduxiow" {SInv} (You acquired it on level 2 of the Elven Halls)
 30569 | Elf:2    | Found a huge runed gate.
 30569 | Elf:2    | Found a huge runed gate.
 30569 | Elf:2    | Found a huge runed gate.
 30569 | Elf:2    | Found a huge runed gate.
 30569 | Elf:2    | Found a huge runed gate.
 30610 | Elf:2    | Received a gift from Trog
 31033 | Elf:2    | Noticed Nikola
 31050 | Elf:2    | Killed Nikola
 31050 | Elf:2    | Reached skill level 19 in Axes
 31477 | Elf:3    | Entered Level 3 of the Elven Halls
 32219 | Elf:3    | Reached skill level 20 in Axes
 32607 | Elf:3    | Noticed Asterion
 32622 | Elf:3    | Received a gift from Trog
 32624 | Elf:3    | Noticed a Hell Sentinel
 32624 | Elf:3    | Killed Asterion
 32635 | Elf:3    | Noticed a Brimstone Fiend
 32649 | Elf:3    | Killed from afar by a deep elf annihilator

Skill      XL: |  1  2  3  4  5  6  7  8  9 10 11 12 13 14 15 16 17 18 19 |
---------------+----------------------------------------------------------+-----
Axes           | 4 5 6 8 9 10 11 12 13 14 16 18 20 | 20.4
Fighting       | 4 7 8 10 11 12 13 15 16 17 18 | 18.5
Armour         | 2 5 7 9 10 11 12 13 14 | 14.4
Evocations     | 8 |  8.1
Throwing       | 3 |  3.6
Shields        | 2 5 |  5.3
Dodging        | |  1.5

Action                   |  1- 3 |  4- 6 |  7- 9 | 10-12 | 13-15 | 16-18 | 19-21 || total
-------------------------+-------+-------+-------+-------+-------+-------+-------++-------
Melee: Hand axe          |    34 |       |       |   209 |       |       |       ||   243
       Mace              |    71 |   206 |   445 |   772 |   254 |       |       ||  1748
       War axe           |       |       |     6 |       |       |       |       ||     6
       Flail             |       |       |     8 |    75 |       |       |       ||    83
       Lajatang          |       |       |       |    13 |       |       |       ||    13
       Executioner's axe |       |       |       |     9 |   206 |       |       ||   215
       Headbutt          |       |       |       |    98 |   196 |       |       ||   294
       Constrict         |       |       |       |       |   188 |   282 |    42 ||   512
       Unarmed           |       |       |       |       |     7 |       |       ||     7
       Broad axe         |       |       |       |       |   506 |  1276 |   254 ||  2036
 Fire: Hunting sling     |       |       |       |     2 |       |       |       ||     2
Invok: Berserk           |       |     5 |     7 |    14 |     9 |     3 |     4 ||    42
       Burn Spellbooks   |       |       |     1 |     1 |     2 |     4 |     2 ||    10
       Trog's Hand       |       |       |       |     2 |       |       |     3 ||     5
       Brothers in Arms  |       |       |       |       |       |       |     1 ||     1
 Abil: Spit Poison       |     2 |     2 |     3 |     2 |       |       |     1 ||    10
  Use: Scroll            |       |       |    12 |     8 |    16 |     2 |     4 ||    42
       Potion            |       |       |       |       |     1 |       |     5 ||     6
 Stab: Sleeping          |     2 |       |       |       |       |       |     1 ||     3
       Distracted        |       |       |       |     1 |       |       |       ||     1
  Eat: Chunk             |     1 |     8 |    20 |    34 |    39 |    28 |    11 ||   141
       Fruit             |       |       |     1 |     1 |     1 |       |       ||     3
       Bread ration      |       |       |     1 |     1 |       |       |       ||     2
       Meat ration       |       |       |       |     1 |     1 |       |       ||     2
Armor: Animal skin       |    17 |     4 |       |       |       |       |       ||    21
       Chain mail        |       |   163 |   402 |   459 |       |       |       ||  1024
       Plate armour      |       |       |       |   285 |   971 |   931 |   150 ||  2337
       Skin              |       |       |       |       |     4 |       |       ||     4
Dodge: Dodged            |    53 |    67 |   143 |   291 |   475 |   335 |    48 ||  1412
Block: Shield            |       |       |       |       |       |   749 |   124 ||   873
